 Dungeon Crawl Stone Soup version 0.30-a0-1157-g2cc9ac7196 (webtiles) character file.

Game seed: 12472319907920153345

96483 Sobieck the Unseen (level 16, -2/108 HPs)
             Began as a Kobold Brigand on Apr 23, 2023.
             Was the Champion of Wu Jian.
             Slain by a naga ritualist
             ... wielding a +1 halberd of distortion
              (16 damage)
             ... on level 1 of the Snake Pit on Apr 24, 2023.
             The game lasted 01:10:38 (29539 turns).

Sobieck the Unseen (Kobold Brigand)                Turns: 29539, Time: 01:10:39

Health: -2/108     AC: 12    Str: 13    XL:     16   Next: 66%
Magic:  16/16      EV: 30    Int: 13    God:    Wu Jian [******]
Gold:   75         SH: 10    Dex: 26    Spells: 13/15 levels left

rFire   . . .        b - +10 long sword of the Candelabrum {heavy, rC++ rN+ Dex+3 SInv, long}
rCold   + + +        c - +0 buckler
rNeg    + + .        t - +3 leather armour "Ukuiz" {Drain Will++ Str+4}
rPois   +            O - +1 hat {SInv}
rElec   .            u - +1 cloak
rCorr   .            H - +1 pair of gloves
SInv    +            g - +0 pair of boots
Will    +++..        m - amulet of reflection Stlth *+++++++++
                     j - ring of Wirehask {Contam Fly rC+ Stlth+}
HPRegen 0.38/turn    q - ring of the Lumpy Loving Gods {rPois rN+ Stlth+}
MPRegen 0.15/turn

%: reflection
@: lethally poisoned (-2 -> -7), flying, studying Fighting
A: small, no large weapons, nightstalker 3
a: Renounce Religion, Wall Jump, Serpent's Lash, Heavenly Storm


You were on level 1 of the Snake Pit.
You worshipped Wu Jian.
Wu Jian was exalted by your worship.
You visited 4 branches of the dungeon, and saw 23 of its levels.

You collected 2116 gold pieces.
You spent 2041 gold pieces at shops.


Innate Abilities, Weirdness & Mutations

You are small and have problems with some larger weapons.
You are completely attuned to the shadows.


   Skills:
 - Level 15.0 Fighting
 - Level 14.0(16.6) Short Blades
 + Level 9.7(11.3) Long Blades
 - Level 2.1 Throwing
 - Level 16.0 Dodging
 - Level 19.0 Stealth
 - Level 5.0 Transmutations
 - Level 5.0 Earth Magic


You had 13 spell levels left.
You knew the following spells:

 Your Spells              Type           Power      Damage    Failure   Level
b - Passwall              Tmut/Erth      10%        N/A       11%         2

Your spell library contained the following spells:

 Spells                   Type           Power      Damage    Failure   Level
 Sting                    Tmut/Pois      24%        1d4       21%         1
 Freeze                   Ice            0%         1d3       50%         1
 Shock                    Conj/Air       0%         1d3       50%         1
 Spider Form              Tmut/Pois      6%         N/A       52%         3
 Blink                    Tloc           0%         N/A       65%         2
 Cigotuvi's Dreadful Rot  Necr/Pois/Air  0%         N/A       65%         2
 Ensorcelled Hibernation  Hex/Ice        0%         N/A       65%         2
 Lesser Beckoning         Tloc           0%         N/A       65%         2
 Momentum Strike          Conj/Tloc      0%         3d8       65%         2
 Poisonous Vapours        Pois/Air       0%         N/A       65%         2
 Scorch                   Fire           0%         2d5       65%         2
 Ignite Poison            Fire/Tmut/Pois 4%         N/A       65%         3
 Frozen Ramparts          Ice            0%         1d1       86%         3
 Hailstorm                Conj/Ice       0%         3d3       86%         3
 Swiftness                Air            0%         N/A       86%         3
 Vampiric Draining        Necr           0%         2d6       86%         3
 Airstrike                Air            0%         2d(0-16)  99%         4
 Anguish                  Hex/Necr       0%         N/A       99%         4
 Animate Dead             Necr           0%         N/A       99%         4
 Flame Wave               Conj/Fire      0%         2d4       99%         4
 Manifold Assault         Tloc           0%         N/A       99%         4
 Olgreb's Toxic Radiance  Pois           0%         N/A       99%         4
 Sticky Flame             Conj/Fire      0%         2d3       99%         4
 Borgnjor's Vile Clutch   Necr/Erth      3%         N/A       99%         5
 Freezing Cloud           Conj/Ice/Air   0%         6-21      100%        5
 Death Channel            Necr           0%         N/A       100%        6
 Summon Cactus Giant      Summ           0%         N/A       100%        6
 Haunt                    Necr/Summ      0%         N/A       100%        7
 Ignition                 Fire           0%         3d3       100%        8
 Infestation              Necr           0%         N/A       100%        8

Inventory:

Hand Weapons
 a - a +0 dagger of venom {short}
   (You took it off an orc wizard on level 10 of the Dungeon)
 b - the +10 long sword of the Candelabrum (weapon) {heavy, rC++ rN+ Dex+3 SInv, long}
   (You found it on level 14 of the Dungeon)

   Dex:       It affects your dexterity (+3).
   rC:        It greatly protects you from cold.
   rN:        It protects you from negative energy.
   SInv:      It lets you see invisible.
 l - a +1 rapier {short}
   (You found it on level 4 of the Dungeon)
 s - the +2 dagger of the Rescuing Wolf {freeze, rElec Str+6 Dex-3, short}
   (You found it on level 14 of the Dungeon)

   Str:       It affects your strength (+6).
   Dex:       It affects your dexterity (-3).
   rElec:     It insulates you from electricity.
Missiles
 d - 61 poisoned darts {throwing}
 e - 3 curare-tipped darts (quivered) {=fthrowing}
 i - 145 stones {throwing}
 M - 22 boomerangs {throwing}
Armour
 c - a +0 buckler (worn)
   (You took it off a tengu warrior on level 15 of the Dungeon)
 g - a +0 pair of boots (worn)
   (You found it on level 1 of the Dungeon)
 t - the +3 leather armour "Ukuiz" (worn) {Drain Will++ Str+4}
   (You found it on level 5 of the Dungeon)

   Str:       It affects your strength (+4).
   Drain:     It drains your maximum health when unequipped.
   Will:      It greatly increases your willpower.
 u - a +1 cloak (worn)
   (You found it on level 14 of the Dungeon)
 H - a +1 pair of gloves (worn)
   (You found it on level 12 of the Dungeon)
 O - a +1 hat of see invisible (worn)
   (You took it off Gastronok on level 11 of the Dungeon)
Jewellery
 j - the ring of Wirehask (left hand) {Contam Fly rC+ Stlth+}
   (You found it on level 9 of the Dungeon)

   [ring of flight]

   rC:        It protects you from cold.
   Fly:       It grants you flight.
   Contam:    It causes magical contamination when unequipped.
   Stlth:     It makes you more stealthy.
 m - an amulet of reflection (around neck)
   (You found it on level 8 of the Dungeon)
 o - a +5 ring of evasion
   (You found it on level 2 of the Dungeon)
 q - the ring of the Lumpy Loving Gods (right hand) {rPois rN+ Stlth+}
   (You acquired it on level 2 of the Orcish Mines)

   [ring of positive energy]

   rPois:     It protects you from poison.
   rN:        It protects you from negative energy.
   Stlth:     It makes you more stealthy.
 L - a ring of protection from cold
   (You found it on level 3 of the Lair of Beasts)
 N - an amulet of magic regeneration {@e2}
   (You found it on level 4 of the Dungeon)
 U - a ring of ice
   (You found it on level 2 of the Lair of Beasts)
Wands
 A - a wand of digging (7)
   (You found it on level 13 of the Dungeon)
 G - a wand of mindburst (27)
   (You found it on level 5 of the Dungeon)
 I - a wand of iceblast (17)
   (You took it off Ijyb on level 4 of the Dungeon)
 W - a wand of polymorph (5)
   (You found it on level 5 of the Lair of Beasts)
 X - a wand of paralysis (22)
   (You found it on level 6 of the Dungeon)
 Y - a wand of flame (63)
   (You found it on level 6 of the Dungeon)
Scrolls
 f - 2 scrolls of fear
 k - 4 scrolls of poison {!r}
 v - 4 scrolls of magic mapping {!r}
 x - 3 scrolls of silence {!r}
 y - 3 scrolls of blinking {!r}
 E - 4 scrolls of fog
 K - 13 scrolls of teleportation {@r4}
 Q - 2 scrolls of vulnerability {!r!r}
 S - 2 scrolls of enchant weapon
 T - 3 scrolls of summoning
 V - 3 scrolls of identify {@r1}
 Z - a scroll of immolation {!r!r}
Potions
 h - 2 potions of might
 n - 7 potions of lignification {!q}
 p - 4 potions of attraction {!q}
 r - 6 potions of brilliance
 w - a potion of resistance
 z - 2 potions of haste {@q3}
 B - a potion of berserk rage {!q}
 C - 5 potions of curing {@q1}
 D - 2 potions of heal wounds {@q2}
 F - 3 potions of flight
 J - a potion of cancellation
 P - 2 potions of invisibility
 R - 4 potions of mutation {!q}

Dungeon Overview and Level Annotations

Branches:
Dungeon (15/15) Zot: 25232 Lair (5/5) D:10 Zot: 23265 Shoals (0/4) Lair:3 Snake (1/4) Lair:2 Zot: 5342 Slime (0/5) Lair:5 Orc (2/2) D:9 Zot: 10092 Elf (0/3) Orc:2 Vaults (0/5) D:12 D:13 Depths (0/4) D:15 Temple: D:4-7

Altars:
Gozag
Okawaru
Qazlal
Ru
Sif Muna
Wu Jian
Xom

Shops:
D:3 !   Orc:2 :??!

Annotations:
D:4 2 transporters, superbruh's ghost, amateur DsFi
D:12 1 runed translucent door
D:14 3 runed translucent doors, Jiolyugh's ghost, journeyman GrEE
Lair:1 1 runed translucent door
Lair:5 !lots of hydras, other things
Orc:2 1 transporter, hwolsky's ghost, journeyman MiFi

# #.#
#.....#..
###.#
##........
#....
.......... ..
###........
#.# #........
#.# ##....#..
#.# #.#### ##
..#
..####.####...
..
....@N........
#.
######N####.##
#.#
####†####.#
#.# ...NNN....
#.# .....†....
#.###
..........
....#
..........
#.#.#
..........
#.#.)...
/........


You could see a naga ritualist and a naga mage (fast, catching breath).


Message History

You blink.
You are too injured to fight recklessly!
You are too injured to fight recklessly!
Unknown command.
You feel sick.
The naga ritualist looks more healthy.
You block the anaconda's attack. The anaconda misses you.
The anaconda closely misses you. You block the anaconda's attack.
Unknown command.
You slice the anaconda!!
You feel sick. You block the anaconda's attack. The anaconda bites you.
The anaconda barely misses you. You block the anaconda's attack.
The naga mage points at the naga ritualist and mumbles some strange words.
The naga ritualist seems to grow toxic.
Unknown command.
You slice the naga ritualist!!
You feel sick.
You are more poisoned.
The naga ritualist's toxic aura wanes.
The naga mage casts a spell at the black mamba.
The black mamba seems to grow toxic.
You feel sick.
Unknown command.
You slash the naga ritualist!
You feel sick.
You slash the naga ritualist!
You feel sick.
The naga ritualist hits you with a +0 short sword!
You block the naga ritualist's attack. The naga ritualist misses you.
You block the naga ritualist's attack.
Unknown command.
You closely miss the naga ritualist.
You feel sick.
The naga mage casts a spell at something.
You block the naga ritualist's attack. x2
You hear an angry hiss.
Unknown command.
You slice the naga ritualist!!
You kill the naga ritualist!
The Council accepts your kill.
You feel sick. The anaconda completely misses you.
The anaconda bites you but does no damage.
Unknown command.
You barely miss the anaconda.
You feel sick.
You are no longer poisoned.
The anaconda closely misses you. You block the anaconda's attack. x3
The naga ritualist completely misses you.
You miss the anaconda. The anaconda completely misses you.
The anaconda barely misses you. You block the anaconda's attack.
The anaconda completely misses you.
The naga ritualist completely misses you.
The naga ritualist hits you but does no damage.
Space warps around you. The anaconda closely misses you.
The anaconda barely misses you.
Unknown command.
You cut the anaconda into ribbons!!! The anaconda misses you.
The anaconda barely misses you. The anaconda misses you.
The anaconda completely misses you. The naga ritualist misses you.
Unknown command.
You slash the anaconda!
You kill the anaconda!
The Council accepts your kill.
The naga mage points at you and mumbles some strange words.
The bolt of poison hits you! You resist.
* * * LOW HITPOINT WARNING * * *
The naga ritualist misses you.
Unknown command.
You closely miss the naga mage.
The naga mage gestures at you while chanting.
The bolt of poison hits you.
You are poisoned.
You resist.
* * * LOW HITPOINT WARNING * * *
The naga ritualist closely misses you. The naga mage spits poison at you.
You block splash of poison... and reflect it back!
The splash of poison misses the naga mage.
You block the naga ritualist's attack.
You slash the naga mage!
You feel very sick.
The naga mage points at you and mumbles some strange words.
The bolt of poison misses you. You block the naga mage's attack.
The naga mage barely misses you. You block the naga ritualist's attack.
Unknown command.
You closely miss the naga mage.
You feel very sick.
The naga mage is no longer moving quickly.
The naga ritualist no longer looks unusually toxic.
The naga mage gestures wildly while chanting.
The naga mage seems to speed up.
The naga ritualist hits you from afar with a +1 halberd of distortion!
* * * LOW HITPOINT WARNING * * *
The naga mage casts a spell at you. The bolt of poison hits you! You resist.
* * * LOW HITPOINT WARNING * * *
You slice the naga mage!!
You feel very sick. The naga mage spits poison at you.
The splash of poison hits you. You resist.
* * * LOW HITPOINT WARNING * * *
You block the naga ritualist's attack. The naga mage casts a spell at you.
The bolt of poison misses you.
The naga ritualist hits you from afar with a +1 halberd of distortion!
You die...

Skill      XL: |  1  2  3  4  5  6  7  8  9 10 11 12 13 14 15 16 |
---------------+-------------------------------------------------+-----
Short Blades   | 3 4 5 6 7 9 10 11 13 14 | 14.0
Dodging        | 2 3 4 5 6 8 9 10 11 13 15 16 | 16.0
Stealth        | 6 7 8 9 10 12 13 14 16 18 19 | 19.0
Fighting       | 3 4 5 6 7 8 10 11 13 15 | 15.0
Transmutations | 3 4 5 |  5.0
Earth Magic    | 3 4 5 |  5.0
Long Blades    | 5 9 |  9.7
Throwing       | |  2.1

Action                     |  1- 3 |  4- 6 |  7- 9 | 10-12 | 13-15 | 16-18 || total
---------------------------+-------+-------+-------+-------+-------+-------++-------
  Melee: Dagger            |    79 |    86 |    64 |    98 |   792 |    56 ||  1175
         Rapier            |       |       |   271 |   935 |   373 |       ||  1579
         Punch             |       |       |     5 |    18 |    20 |       ||    43
         Long sword        |       |       |       |       |   170 |   126 ||   296
  Throw: Dart              |       |     5 |       |     1 |       |       ||     6
   Cast: Passwall          |       |       |       |     1 |    18 |     7 ||    26
 Invoke: Serpent's Lash    |       |       |       |       |     2 |       ||     2
Ability: Lunge             |       |       |       |    53 |    84 |    18 ||   155
         Whirlwind         |       |       |       |    70 |   166 |    11 ||   247
         Wall Jump         |       |       |       |    19 |    24 |       ||    43
    Use: Scroll            |       |       |    14 |     8 |     5 |     2 ||    29
         Potion            |       |       |       |     5 |     1 |       ||     6
   Stab: Sleeping          |    28 |    16 |    28 |    39 |    94 |    16 ||   221
         Distracted        |       |     3 |     3 |     4 |    14 |     9 ||    33
         Petrifying        |       |       |       |       |     1 |       ||     1
         Petrified         |       |       |       |       |     1 |       ||     1
 Armour: Robe              |    13 |    11 |     6 |       |       |       ||    30
         Leather armour    |       |       |    47 |    83 |   105 |    17 ||   252
  Dodge: Dodged            |    48 |    47 |   252 |   751 |  1086 |   187 ||  2371
  Block: Other             |       |       |       |   159 |   146 |       ||   305
         Reflection        |       |       |       |     1 |    16 |     3 ||    20
         Buckler           |       |       |       |       |   133 |   114 ||   247

Levels and vault maps discovered:
D:1:      matt_arrival_grand_opening, layout_loops_ring,
          hellmonk_ecumenical_altar_watching_god
D:2:      layout_basic, st_stairs_7, minmay_tall_x
D:3:      layout_loops_ring, serial_shops, shop
D:4:      layout_rooms, gammafunk_ghost_arena, small_statue_intersection,
          minmay_puff, uniq_ijyb, uniq_sigmund
D:5:      layout_loops_corners, lemuel_blue_sif_altar, roderic_roman_lattice
D:6:      layout_loops_cross, mainiacjoe_overflow_boulevard
D:7:      layout_loops_corners, minmay_temple_entry_fiery, nrook_mini_vaults,
          nicolae_elevator_lobby_plus
D:8:      layout_basic, uniq_joseph
D:9:      minmay_spotlight, layout_small_grid, grunt_temple_overflow_open,
          kennysheep_orc_monster_closet_entryway
D:10:     layout_irregular_city, david_lair_shrubbed, uniq_josephine
D:11:     layout_rooms, nicolae_wu_jian_wuxing_cycle, uniq_gastronok,
          uniq_amaemon
D:12:     gammafunk_indiana_jones, layout_irregular_city, grunt_qazlal_clouds,
          uniq_kirke
D:13:     layout_basic, david_vaults_3, eino_curves_03
D:14:     layout_loops_ring, old_standard_altar, ebering_ghost_gozag,
          minmay_diamond_spiral
D:15:     grunt_enter_depths_hoard, layout_loops_ring,
          hangedman_abyss_or_decor_slice
Lair:1:   layout_chaotic_city, ebering_ghost_reflecting_pool, basic_altar,
          infiniplex_staircase_pool
Lair:2:   layout_regular_city, nicolae_snake_entry_squirm, basic_altar,
          grunt_megastairs_4
Lair:3:   layout_cellular_growth, elwin_shoals_entry_rooms
Lair:4:   layout_regular_city, beast_lair_carwin_11
Lair:5:   hellmonk_lair_end_abyssal_woods, layout_misc_corridors,
          minmay_slime_entry_oklob_enclosed, st_stairs_9, pond,
          infiniplex_staircase_pool_2, grunt_megastairs_5
Snake:1:  layout_gridlike, nicolae_snake_single_loop, uniq_frances
Orc:1:    layout_caves
Orc:2:    st_orc_open, layout_diamond_mine, gammafunk_ghost_smash, uniq_jorgrun,
          uniq_donald, uniq_urug

Notes
Turn   | Place    | Note
-------+----------+-------------------------------------------
     0 | D:1      | Sobieck the Kobold Brigand began the quest for the Orb.
     0 | D:1      | Reached XP level 1. HP: 12/12 MP: 1/1
   130 | D:1      | You pick up a book of Frost and begin reading...
   130 | D:1      | You add the spells Freeze, Frozen Ramparts and Hailstorm to
                  | your library.
   236 | D:1      | Reached XP level 2. HP: 18/18 MP: 2/2
   244 | D:1      | Reached skill level 3 in Short Blades
   494 | D:1      | Reached skill level 2 in Dodging
   494 | D:1      | Reached XP level 3. HP: 22/22 MP: 3/3
   578 | D:1      | Noticed a shining eye
   579 | D:1      | Found a faded altar of an unknown god.
   579 | D:1      | Noticed a floating eye
   610 | D:1      | Noticed an eye of devastation
   668 | D:1      | Noticed a golden eye
  1281 | D:2      | Reached XP level 4. HP: 27/27 MP: 4/4
  1307 | D:2      | You add the spells Cigotuvi's Dreadful Rot, Ignite Poison
                  | and Freezing Cloud to your library.
  1356 | D:2      | Reached skill level 6 in Stealth
  1363 | D:2      | Reached skill level 3 in Fighting
  1959 | D:3      | Reached skill level 4 in Short Blades
  1959 | D:3      | Reached XP level 5. HP: 29/32 MP: 5/5
  2199 | D:3      | Found Jureufonaw's Distillery.
  2205 | D:3      | Bought a potion of heal wounds for 55 gold pieces
  2205 | D:3      | Bought a potion of curing for 33 gold pieces
  2253 | D:3      | You pick up a book of Dreams and begin reading...
  2253 | D:3      | You add the spells Ensorcelled Hibernation, Spider Form and
                  | Anguish to your library.
  2273 | D:3      | Bought a potion of flight for 33 gold pieces
  2312 | D:3      | Reached skill level 3 in Dodging
  2392 | D:3      | You add the spells Momentum Strike, Vampiric Draining,
                  | Manifold Assault and Haunt to your library.
  2392 | D:3      | Got the Papyrus of Grim Distance
  2643 | D:4      | Noticed Sigmund
  2647 | D:4      | Killed Sigmund
  2648 | D:4      | Reached XP level 6. HP: 38/38 MP: 6/6
  2648 | D:4      | Noticed Ijyb
  2649 | D:4      | Found a transporter.
  2652 | D:4      | Killed Ijyb
  2653 | D:4      | Reached skill level 4 in Fighting
  2653 | D:4      | Reached skill level 7 in Stealth
  2674 | D:4      | Noticed superbruh's ghost (amateur DsFi)
  2827 | D:4      | Noticed an ogre
  2835 | D:4      | Killed an ogre
  2836 | D:4      | Reached skill level 5 in Short Blades
  2836 | D:4      | Reached skill level 4 in Dodging
  2836 | D:4      | Reached XP level 7. HP: 30/43 MP: 7/7
  3031 | D:3      | Bought a potion of invisibility for 88 gold pieces
  3320 | D:4      | Found a transporter.
  3565 | D:5      | Entered Level 5 of the Dungeon
  3749 | D:5      | Identified the +3 leather armour "Ukuiz" {Drain Will++
                  | Str+4}
  4215 | D:5      | Noticed a water moccasin
  4240 | D:5      | Killed a water moccasin
  4437 | D:5      | Found a shimmering blue altar of Sif Muna.
  4657 | D:6      | Reached skill level 5 in Fighting
  4657 | D:6      | Reached skill level 6 in Short Blades
  4657 | D:6      | Reached skill level 5 in Dodging
  4657 | D:6      | Reached skill level 8 in Stealth
  4657 | D:6      | Reached XP level 8. HP: 44/49 MP: 8/8
  5019 | D:3      | Bought a potion of mutation for 88 gold pieces
  5123 | D:6      | You pick up a book of Burglary and begin reading...
  5123 | D:6      | You add the spells Passwall and Swiftness to your library.
  5127 | D:6      | Noticed a kobold demonologist
  5129 | D:6      | Noticed a kobold demonologist
  5130 | D:6      | Killed a kobold demonologist
  5133 | D:6      | Reached skill level 7 in Short Blades
  5133 | D:6      | Reached skill level 6 in Dodging
  5133 | D:6      | Reached skill level 9 in Stealth
  5134 | D:6      | Killed a kobold demonologist
  5135 | D:6      | Reached skill level 6 in Fighting
  5135 | D:6      | Reached XP level 9. HP: 55/55 MP: 9/9
  5231 | D:6      | Found a shimmering altar of Xom.
  5641 | D:6      | Reached skill level 8 in Short Blades
  5861 | D:6      | Reached skill level 7 in Dodging
  6237 | D:7      | Reached skill level 10 in Stealth
  6734 | D:7      | Reached skill level 7 in Fighting
  7095 | D:7      | You pick up a book of Dreams and begin reading...
  7370 | D:7      | You fall into a shaft and drop 2 floors!
  7371 | D:9      | Noticed a troll
  7399 | D:9      | Reached skill level 9 in Short Blades
  7408 | D:9      | Reached skill level 8 in Dodging
  7408 | D:9      | Reached XP level 10. HP: 57/63 MP: 10/10
  7429 | D:9      | Reached skill level 11 in Stealth
  7472 | D:9      | Identified the ring of Wirehask {Contam Fly rC+ Stlth+}
  7495 | D:9      | Found a sacrificial altar of Ru.
  7499 | D:9      | Found an ornate altar of the Wu Jian Council.
  7506 | D:9      | Became a worshipper of the Wu Jian Council
  7704 | D:8      | Noticed a cyclops
  7727 | D:8      | Killed a cyclops
  7829 | D:8      | You pick up a book of Air and begin reading...
  7829 | D:8      | You add the spells Shock and Airstrike to your library.
  7893 | D:8      | Noticed Joseph
  7977 | D:8      | Reached skill level 10 in Short Blades
  8302 | D:8      | Killed Joseph
  8303 | D:8      | Reached skill level 9 in Dodging
  8303 | D:8      | Reached skill level 12 in Stealth
  8367 | D:8      | Learned a level 2 spell: Passwall
  8652 | D:8      | HP: 15/63 [killer bee (7)]
  8657 | D:8      | HP: 9/63 [poisoned by a killer bee]
  8978 | D:8      | Reached skill level 1 in Transmutations
  8978 | D:8      | Reached skill level 1 in Earth Magic
  9212 | D:9      | Found a staircase to the Orcish Mines.
  9422 | D:9      | Noticed a two-headed ogre
  9425 | D:9      | Killed a two-headed ogre
  9426 | D:9      | Reached skill level 2 in Transmutations
  9426 | D:9      | Reached skill level 2 in Earth Magic
  9481 | D:10     | Entered Level 10 of the Dungeon
  9543 | D:10     | Noticed Josephine
  9708 | D:9      | Killed Josephine
  9709 | D:9      | Reached skill level 3 in Transmutations
  9709 | D:9      | Reached skill level 3 in Earth Magic
  9709 | D:9      | Reached XP level 11. HP: 18/67 MP: 11/11
 10083 | D:9      | HP: 17/68 [poisoned by a gnoll sergeant]
 10088 | D:9      | HP: 13/68 [poisoned by a gnoll sergeant]
 10352 | D:9      | Reached skill level 4 in Transmutations
 10352 | D:9      | Reached skill level 4 in Earth Magic
 10581 | D:9      | Reached * piety under Wu Jian
 10743 | D:9      | Reached skill level 8 in Fighting
 10869 | D:9      | Reached skill level 11 in Short Blades
 10869 | D:9      | Reached skill level 10 in Dodging
 11060 | D:10     | Found a staircase to the Lair.
 11071 | D:10     | Reached skill level 13 in Stealth
 12573 | D:11     | Reached ** piety under Wu Jian
 12612 | D:11     | Noticed Gastronok
 12689 | D:11     | Killed Gastronok
 12690 | D:11     | Reached XP level 12. HP: 71/75 MP: 12/12
 12713 | D:11     | Noticed Amaemon
 12787 | D:11     | HP: 6/75 [Amaemon/+1 demon whip of venom (15)]
 12796 | D:11     | Killed Amaemon
 12797 | D:11     | Reached skill level 5 in Transmutations
 12797 | D:11     | Reached skill level 5 in Earth Magic
 13099 | D:11     | Noticed a two-headed ogre
 13102 | D:11     | Killed a two-headed ogre
 13103 | D:11     | Reached skill level 9 in Fighting
 13103 | D:11     | Reached skill level 12 in Short Blades
 13217 | D:11     | Found an ornate altar of the Wu Jian Council.
 13473 | D:12     | You pick up a book of Spatial Translocations and begin
                  | reading...
 13473 | D:12     | You add the spells Blink and Lesser Beckoning to your
                  | library.
 13530 | D:11     | Reached skill level 11 in Dodging
 13799 | Lair:1   | Entered Level 1 of the Lair of Beasts
 13805 | Lair:1   | Reached skill level 14 in Stealth
 13882 | Lair:1   | You are sucked into a shaft and drop 1 floor!
 13914 | Lair:2   | Noticed a seven-headed hydra
 13917 | Lair:2   | Killed a seven-headed hydra
 13927 | Lair:1   | Found a shimmering altar of Xom.
 14037 | Lair:1   | You pick up a book of Scorching and begin reading...
 14037 | Lair:1   | You add the spells Scorch, Flame Wave and Summon Cactus
                  | Giant to your library.
 14588 | Lair:1   | Found a runed translucent door.
 14984 | Lair:2   | Reached skill level 10 in Fighting
 15033 | Lair:1   | Reached skill level 13 in Short Blades
 15036 | Lair:1   | Reached XP level 13. HP: 30/82 MP: 13/13
 15273 | Lair:2   | Reached skill level 12 in Dodging
 15273 | Lair:2   | Reached skill level 15 in Stealth
 15284 | Lair:2   | Found an iron altar of Okawaru.
 15331 | Lair:2   | Reached *** piety under Wu Jian
 15903 | Lair:2   | You pick up a book of Death and begin reading...
 15903 | Lair:2   | You add the spells Animate Dead and Infestation to your
                  | library.
 16014 | Lair:2   | Found a staircase to the Snake Pit.
 16591 | Lair:3   | Reached skill level 11 in Fighting
 16592 | Lair:3   | Reached skill level 14 in Short Blades
 17067 | Lair:3   | Found a staircase to the Shoals.
 17806 | Lair:4   | You pick up a book of Burglary and begin reading...
 18118 | Lair:4   | Reached skill level 16 in Stealth
 18303 | Lair:4   | Reached skill level 13 in Dodging
 18505 | Lair:4   | Reached **** piety under Wu Jian
 18961 | Lair:5   | Entered Level 5 of the Lair of Beasts
 19121 | Lair:4   | Reached XP level 14. HP: 46/91 MP: 14/14
 19389 | Lair:5   | Found a staircase to the Slime Pits.
 19471 | Lair:5   | Reached skill level 12 in Fighting
 19677 | Lair:5   | Reached skill level 17 in Stealth
 19788 | Lair:5   | Reached skill level 14 in Dodging
 19898 | Lair:5   | You add the spells Sticky Flame and Ignition to your
                  | library.
 19997 | Lair:5   | HP: 23/92 [seven-headed hydra (13)]
 20016 | Lair:5   | HP: 14/92 [vampire mosquito (8)]
 20830 | D:12     | Found a stormy altar of Qazlal.
 20927 | D:12     | Upgraded the game from 0.30-a0-1124-g6e8f0f562f to
                  | 0.30-a0-1157-g2cc9ac7196
 21057 | D:12     | Noticed Kirke
 21496 | D:12     | Killed Kirke
 21787 | D:12     | Found a runed translucent door.
 21899 | D:12     | Reached skill level 13 in Fighting
 21899 | D:12     | Reached skill level 18 in Stealth
 22060 | D:13     | You add the spells Sting, Poisonous Vapours and Olgreb's
                  | Toxic Radiance to your library.
 22396 | D:13     | Found a gate to the Vaults.
 22399 | D:13     | Reached skill level 15 in Dodging
 22819 | D:12     | Reached XP level 15. HP: 35/99 MP: 15/15
 23080 | D:13     | HP: 24/99 [red ugly thing (13)]
 23080 | D:13     | HP: 9/99 [red ugly thing (15)]
 24005 | D:14     | Reached ***** piety under Wu Jian
 24121 | D:14     | Identified the +10 long sword of the Candelabrum {heavy,
                  | rC++ rN+ Dex+3 SInv}
 24275 | D:14     | Reached skill level 19 in Stealth
 24280 | D:14     | Identified the +2 dagger of the Rescuing Wolf {freeze,
                  | rElec Str+6 Dex-3}
 24339 | D:14     | Reached skill level 14 in Fighting
 24600 | D:14     | Found a stormy altar of Qazlal.
 24753 | D:14     | Found a runed translucent gate.
 24753 | D:14     | Found a runed translucent gate.
 24753 | D:14     | Found a runed translucent gate.
 24756 | D:14     | Found an opulent altar of Gozag.
 24756 | D:14     | Noticed a frost giant
 24917 | D:14     | Reached skill level 16 in Dodging
 25184 | D:14     | Noticed Jiolyugh's ghost (journeyman GrEE)
 25185 | D:14     | Noticed a fire giant
 25221 | D:15     | Entered Level 15 of the Dungeon
 25240 | D:15     | Reached skill level 1 in Long Blades
 25413 | D:15     | Reached skill level 2 in Long Blades
 25755 | D:15     | Reached skill level 3 in Long Blades
 25776 | D:15     | Found a staircase to the Depths.
 26195 | D:15     | Reached skill level 15 in Fighting
 26398 | D:15     | Reached skill level 4 in Long Blades
 26711 | D:15     | Reached skill level 5 in Long Blades
 26906 | Orc:1    | Entered Level 1 of the Orcish Mines
 27244 | Orc:2    | Entered Level 2 of the Orcish Mines
 27334 | Orc:2    | Reached XP level 16. HP: 83/108 MP: 16/16
 27388 | Orc:1    | Reached skill level 6 in Long Blades
 27561 | Orc:2    | Reached ****** piety under Wu Jian
 27666 | Orc:2    | Noticed Urug
 27681 | Orc:2    | Killed Urug
 27748 | Orc:2    | Reached skill level 7 in Long Blades
 27959 | Orc:2    | Noticed Donald
 27962 | Orc:2    | Killed Donald
 28144 | Orc:2    | Found Epnuidum's Magic Scroll Emporium.
 28150 | Orc:2    | Found Ruhoih's Distillery.
 28162 | Orc:2    | Found Vyjis's Magic Scroll Emporium.
 28181 | Orc:2    | Found Hyisikk's Book Shoppe.
 28187 | Orc:2    | Reached skill level 8 in Long Blades
 28200 | Orc:2    | Bought a scroll of acquirement for 624 gold pieces
 28200 | Orc:2    | Acquired the ring of the Lumpy Loving Gods {rPois rN+
                  | Stlth+}
 28239 | Orc:2    | Noticed Jorgrun
 28249 | Orc:2    | Killed Jorgrun
 28418 | Orc:2    | Found a staircase to the Elven Halls.
 28694 | Orc:2    | Found a transporter.
 28696 | Orc:2    | Noticed hwolsky's ghost (journeyman MiFi)
 28744 | Orc:2    | Bought a manual of Fighting for 1120 gold pieces
 28883 | Snake:1  | Entered Level 1 of the Snake Pit
 28971 | Snake:1  | Reached skill level 9 in Long Blades
 29497 | Snake:1  | You pick up a book of Unlife and begin reading...
 29497 | Snake:1  | You add the spells Borgnjor's Vile Clutch and Death Channel
                  | to your library.
 29514 | Snake:1  | Identified a +0 robe of the Archmagi
 29538 | Snake:1  | HP: 25/108 [naga ritualist/+1 halberd of distortion (12)]
 29539 | Snake:1  | Slain by a naga ritualist

Vanquished Creatures
  Jorgrun (Orc:2)
  Gastronok (D:11)
  Kirke (D:12)
  Donald (Orc:2)
  A vampire knight (D:14)
  A fire dragon (D:15)
  Josephine (D:9)
  3 ice dragons
  3 hydras
  3 boulder beetles
  2 ogre magi (Orc:2)
  13 two-headed ogres
  10 centaur warriors
  3 anacondas (Snake:1)
  A catoblepas (D:15)
  A death knight (D:12)
  5 death yaks
  4 tengu warriors
  A deep troll earth mage (D:14)
  Urug (Orc:2)
  2 naga sharpshooters (Snake:1)
  A shock serpent (Snake:1)
  Amaemon (D:11)
  An iron troll (Orc:2)
  A deep troll (Orc:2)
  2 naga ritualists (Snake:1)
  3 deep elf pyromancers
  An orc knight (D:12)
  An orc sorcerer (D:14)
  2 oklob plants (Lair:5)
  3 manticores
  11 ugly things
  A salamander (Snake:1)
  7 cyclopes
  5 elephants
  A merfolk siren (Lair:3)
  Joseph (D:8)
  10 cane toads
  2 naga magi (Snake:1)
  8 black mambas
  2 gargoyles
  2 kobold demonologists (D:6)
  A torpor snail (Lair:4)
  An orange demon (D:10)
  3 rime drakes
  2 unseen horrors (D:12)
  2 tengu conjurers
  11 komodo dragons
  12 trolls
  A merfolk (Lair:3)
  A polar bear (Lair:4)
  A hornet (D:10)
  11 blink frogs
  4 dream sheep (Lair:4)
  A vampire (D:12)
  9 slime creatures
  8 wraiths
  Sigmund (D:4)
  A shadow (D:11)
  3 wyverns
  3 basilisks
  3 hogs (D:12)
  14 humans
  A steam dragon (D:7)
  38 yaks
  18 vampire mosquitoes
  8 nagas
  2 acid dragons (D:11)
  9 water moccasins
  2 sky beasts
  16 orc warriors
  A swamp drake (Lair:5)
  An ice beast (D:6)
  A black bear (Lair:2)
  22 ogres
  4 boggarts (D:14)
  16 centaurs
  3 wolves (Lair:1)
  6 kobold brigands
  9 bullfrogs
  3 gnoll sergeants
  A scorpion (D:7)
  4 wights
  6 killer bees (D:8)
  3 howler monkeys
  2 electric eels (Lair:1)
  4 jellies
  8 orc priests
  A hound (D:5)
  A sleepcap (D:7)
  Ijyb (D:4)
  3 iguanas
  18 orc wizards
  5 gnolls
  4 adders
  2 white imps (D:7)
  3 ufetubi
  2 worms (D:3)
  2 dart slugs
  55 orcs
  9 ball pythons
  7 bats
  6 endoplasms
  5 giant cockroaches
  11 goblins
  10 hobgoblins
  12 kobolds
  4 quokkas
  4 frilled lizards
  8 rats
579 creatures vanquished.

Vanquished Creatures (collateral kills)
  2 vampire mosquitoes (Lair:5)
2 creatures vanquished.

Vanquished Creatures (others)
  A human (D:13)
  A boggart (D:14)
  11 fungi
  21 plants
34 creatures vanquished.

Grand Total: 615 creatures vanquished

Table legend:
 A = Non-vault XP
 B = Vault XP
 C = Vault XP percentage of total XP
 D = Non-vault monster count
 E = Vault monster count
 F = Vault count percentage of total count
                 A         B        C        D         E       F
            +---------+---------+-------+---------+---------+-------
      Total |   91717 |   46117 |  33.5 |     453 |     129 |  22.2
            +---------+---------+-------+---------+---------+-------
        D:1 |      47 |       0 |   0.0 |      29 |       0 |   0.0
        D:2 |      64 |      10 |  13.5 |      27 |       5 |  15.6
        D:3 |      82 |       0 |   0.0 |      13 |       0 |   0.0
        D:4 |     227 |     254 |  52.8 |      10 |       4 |  28.6
        D:5 |     267 |       0 |   0.0 |       9 |       0 |   0.0
        D:6 |    1820 |       0 |   0.0 |      23 |       0 |   0.0
        D:7 |     939 |       0 |   0.0 |      17 |       0 |   0.0
        D:8 |    1139 |     466 |  29.0 |      16 |       1 |   5.9
        D:9 |    3398 |    3207 |  48.6 |      22 |      25 |  53.2
       D:10 |    1852 |     747 |  28.7 |      15 |       2 |  11.8
       D:11 |    3095 |    2292 |  42.5 |      11 |       2 |  15.4
       D:12 |    7883 |    4216 |  34.8 |      21 |      10 |  32.3
       D:13 |    5586 |    3679 |  39.7 |      15 |      12 |  44.4
       D:14 |    7664 |    3327 |  30.3 |      23 |       4 |  14.8
       D:15 |   15482 |    1721 |  10.0 |      32 |       2 |   5.9
     Lair:1 |    5910 |       0 |   0.0 |      27 |       0 |   0.0
     Lair:2 |    7611 |     847 |  10.0 |      29 |       4 |  12.1
     Lair:3 |    3057 |     775 |  20.2 |      10 |       2 |  16.7
     Lair:4 |    5198 |    3048 |  37.0 |      18 |       7 |  28.0
     Lair:5 |    7285 |    2583 |  26.2 |      17 |       9 |  34.6
    Snake:1 |   10699 |       0 |   0.0 |      21 |       0 |   0.0
      Orc:1 |    1146 |     830 |  42.0 |      21 |       1 |   4.5
      Orc:2 |    1266 |   18115 |  93.5 |      27 |      39 |  59.1
            +---------+---------+-------+---------+---------+-------

Skill      XL: |  1  2  3  4  5  6  7  8  9 10 11 12 13 14 15 16 |
---------------+-------------------------------------------------+-----
Short Blades   | 3 4 5 6 7 9 10 11 13 14 | 14.0
Dodging        | 2 3 4 5 6 8 9 10 11 13 15 16 | 16.0
Stealth        | 6 7 8 9 10 12 13 14 16 18 19 | 19.0
Fighting       | 3 4 5 6 7 8 10 11 13 15 | 15.0
Transmutations | 3 4 5 |  5.0
Earth Magic    | 3 4 5 |  5.0
Long Blades    | 5 9 |  9.7
Throwing       | |  2.1

Action                     |  1- 3 |  4- 6 |  7- 9 | 10-12 | 13-15 | 16-18 || total
---------------------------+-------+-------+-------+-------+-------+-------++-------
  Melee: Dagger            |    79 |    86 |    64 |    98 |   792 |    56 ||  1175
         Rapier            |       |       |   271 |   935 |   373 |       ||  1579
         Punch             |       |       |     5 |    18 |    20 |       ||    43
         Long sword        |       |       |       |       |   170 |   126 ||   296
  Throw: Dart              |       |     5 |       |     1 |       |       ||     6
   Cast: Passwall          |       |       |       |     1 |    18 |     7 ||    26
 Invoke: Serpent's Lash    |       |       |       |       |     2 |       ||     2
Ability: Lunge             |       |       |       |    53 |    84 |    18 ||   155
         Whirlwind         |       |       |       |    70 |   166 |    11 ||   247
         Wall Jump         |       |       |       |    19 |    24 |       ||    43
    Use: Scroll            |       |       |    14 |     8 |     5 |     2 ||    29
         Potion            |       |       |       |     5 |     1 |       ||     6
   Stab: Sleeping          |    28 |    16 |    28 |    39 |    94 |    16 ||   221
         Distracted        |       |     3 |     3 |     4 |    14 |     9 ||    33
         Petrifying        |       |       |       |       |     1 |       ||     1
         Petrified         |       |       |       |       |     1 |       ||     1
 Armour: Robe              |    13 |    11 |     6 |       |       |       ||    30
         Leather armour    |       |       |    47 |    83 |   105 |    17 ||   252
  Dodge: Dodged            |    48 |    47 |   252 |   751 |  1086 |   187 ||  2371
  Block: Other             |       |       |       |   159 |   146 |       ||   305
         Reflection        |       |       |       |     1 |    16 |     3 ||    20
         Buckler           |       |       |       |       |   133 |   114 ||   247

Illustrated notes

Table legend:
 A = Kills in this place as a percentage of kills in the entire game.
 B = Kills by you in this place as a percentage of kills by you in the entire game.
 C = Kills by friends in this place as a percentage of kills by friends in the entire game.
 D = Other kills in this place as a percentage of other kills in the entire game.
 E = Experience gained in this place as a percentage of experience gained in the entire game.
 F = Experience gained in this place divided by the number of levels of this place that you have seen.
                   A       B       C       D       E      F
               +-------+-------+-------+-------+-------+----------------------
         Total | 100.0 | 100.0 | 100.0 | 100.0 | 100.0 | 5992.8
       Dungeon |  60.1 |  60.3 |   0.0 | 100.0 |  50.4 | 4630.9
          Lair |  21.1 |  20.9 | 100.0 |   0.0 |  26.3 | 7262.8
     Snake Pit |   3.6 |   3.6 |   0.0 |   0.0 |   7.8 | 10699.0
  Orcish Mines |  15.1 |  15.2 |   0.0 |   0.0 |  15.5 | 10678.5
               +-------+-------+-------+-------+-------+----------------------

Table legend: (Time is in decaauts)
 A = Elapsed time spent in this place.
 B = Non-inter-level travel time spent in this place.
 C = Inter-level travel time spent in this place.
 D = Time resting spent in this place.
 E = Time spent auto-exploring this place.
 F = Levels seen in this place.
 G = Mean time per level.
                   A        B        C        D        E       F      G
               +--------+--------+--------+--------+--------+-----+--------+
         Total |  28976 |  27500 |   1476 |   5416 |  16115 |  23 | 1259.8 |
       Dungeon |  19678 |  18734 |    944 |   3853 |  10952 |  15 | 1311.9 |
          Lair |   6734 |   6304 |    430 |   1275 |   3650 |   5 | 1346.8 |
     Snake Pit |    656 |    656 |      0 |     56 |    398 |   1 |  656.0 |
  Orcish Mines |   1907 |   1806 |    101 |    232 |   1115 |   2 |  953.5 |
               +--------+--------+--------+--------+--------+-----+--------+

Top non-repeatable levels by time:
     D:9: 2143 daAuts
    D:12: 1882 daAuts
    D:14: 1542 daAuts
     D:8: 1470 daAuts
    D:10: 1457 daAuts
    D:15: 1426 daAuts
  Lair:2: 1425 daAuts
  Lair:1: 1386 daAuts
  Lair:4: 1365 daAuts
  Lair:3: 1356 daAuts
     D:7: 1337 daAuts
   Orc:2: 1299 daAuts
    D:13: 1284 daAuts
    D:11: 1206 daAuts
  Lair:5: 1200 daAuts
